General information
- name: BNet
- type: Ladder team game (AT/RT)
- host: Battle.net
- saver: nLggerwcrmods
map: Battleground
- players: 8
- length: 23:20
- speed: Fast
- version: 1.26 W3XP
- replay type: Public
» download(197 KB)
Players
team 1 (loser)
BLOOD_MAGEXXV (
green | 109 APM | 2142 actions | 19:35)
4 Archmage
2 Summon Water Elemental
2 Brilliance Aura
3 Mountain King
2 Storm Bolt
1 Bash
» actions
| Assign group hotkey | 46 | |
| Basic commands | 176 | |
| Build / train | 65 | |
| Enter build submenu | 27 | |
| Enter hero's abilities submenu | 7 | |
| Right click | 809 | |
| Select / deselect | 484 | |
| Select group hotkey | 451 | |
| Use ability | 77 | |
2142 total
» units
| Peasant | 15 | |
| Footman | 7 | |
| Rifleman | 5 | |
| Sorceress | 2 | |
| Mortar Team | 9 | |
| Priest | 3 | |
| Flying Machine | 1 | |
42 total
» upgrades
| Long Rifles | 1 | |
| Lumber Harvesting | 1 | |
| Flare | 1 | |
| Priest Training | 1 | |
| Magic Sentry | 1 | |
5 total
» buildings
| Altar of Kings | 1 | |
| Barracks | 1 | |
| Farm | 11 | |
| Scout Tower | 8 | |
| Arcane Tower | 2 | |
| Keep | 1 | |
| Arcane Vault | 1 | |
| Lumber Mill | 1 | |
| Blacksmith | 1 | |
| Arcane Sanctum | 1 | |
| Workshop | 1 | |
| Guard Tower | 4 | |
33 total
» build order
00:07 Altar of Kings
00:18 Barracks
00:37 Farm
00:38 Farm
00:40 Farm
00:54 Farm
01:50 Scout Tower
02:10 Farm
02:35 Arcane Tower
02:59 Keep
03:06 Farm
03:34 Arcane Vault
04:01 Lumber Mill
04:57 Blacksmith
06:17 Arcane Sanctum
06:20 Workshop
06:45 Farm
07:14 Farm
09:39 Scout Tower
09:41 Scout Tower
10:07 Guard Tower
10:09 Arcane Tower
10:57 Farm
13:41 Farm
13:42 Farm
14:48 Scout Tower
14:50 Scout Tower
15:23 Guard Tower
15:30 Guard Tower
17:00 Scout Tower
17:02 Scout Tower
17:04 Scout Tower
17:56 Guard Tower
» items
L[ee] (
purple | 146 APM | 3241 actions | 22:15)
5 Archmage
3 Blizzard
2 Brilliance Aura
2 Mountain King
1 Storm Bolt
1 Bash
» actions
| Assign group hotkey | 57 | |
| Basic commands | 196 | |
| Build / train | 97 | |
| ESC pressed | 1 | |
| Enter build submenu | 32 | |
| Enter hero's abilities submenu | 7 | |
| Remove unit from queue | 3 | |
| Right click | 1363 | |
| Select / deselect | 560 | |
| Select group hotkey | 820 | |
| Use ability | 105 | |
3241 total
» units
| Peasant | 16 | |
| Footman | 11 | |
| Rifleman | 14 | |
| Sorceress | 1 | |
42 total
» upgrades
| Gunpowder | 2 | |
| Armor | 2 | |
| Long Rifles | 1 | |
| Lumber Harvesting | 1 | |
6 total
» buildings
| Altar of Kings | 1 | |
| Barracks | 2 | |
| Farm | 9 | |
| Scout Tower | 13 | |
| Arcane Tower | 4 | |
| Arcane Vault | 1 | |
| Keep | 1 | |
| Blacksmith | 1 | |
| Arcane Sanctum | 2 | |
| Lumber Mill | 1 | |
| Guard Tower | 14 | |
| Castle | 1 | |
50 total
» build order
00:03 Altar of Kings
00:18 Barracks
00:32 Farm
00:48 Farm
01:28 Scout Tower
01:54 Farm
02:02 Arcane Tower
02:02 Arcane Tower
02:40 Arcane Vault
03:49 Keep
03:55 Farm
04:13 Blacksmith
05:54 Farm
06:43 Arcane Sanctum
07:02 Farm
09:34 Scout Tower
09:36 Scout Tower
09:39 Lumber Mill
10:04 Arcane Sanctum
10:17 Farm
10:19 Farm
10:52 Guard Tower
10:52 Guard Tower
10:53 Guard Tower
10:55 Scout Tower
10:56 Scout Tower
11:24 Guard Tower
11:25 Guard Tower
12:06 Guard Tower
12:37 Barracks
13:48 Scout Tower
13:50 Scout Tower
13:56 Castle
13:59 Farm
14:36 Guard Tower
14:37 Arcane Tower
14:38 Scout Tower
14:39 Scout Tower
15:32 Guard Tower
15:33 Guard Tower
15:33 Guard Tower
16:42 Scout Tower
16:43 Scout Tower
17:16 Guard Tower
17:17 Guard Tower
17:17 Scout Tower
17:29 Scout Tower
» items
| Scroll of Regeneration | 4 | |
| Lesser Clarity Potion | 1 | |
| Dust of Appearance | 1 | |
| Potion of Healing | 2 | |
| Scroll of Town Portal | 1 | |
9 total
nLggerwcrmods (
blue | 51 APM | 1197 actions | 23:20)
5 Blademaster
3 Wind Walk
2 Critical Strike
» actions
| Assign group hotkey | 130 | |
| Basic commands | 78 | |
| Build / train | 54 | |
| Enter build submenu | 29 | |
| Enter hero's abilities submenu | 5 | |
| Give item / drop item | 2 | |
| Right click | 570 | |
| Select / deselect | 199 | |
| Select group hotkey | 73 | |
| Use ability | 57 | |
1197 total
» units
| Peon | 15 | |
| Grunt | 4 | |
| Troll Batrider | 2 | |
| Wind Rider | 15 | |
36 total
» upgrades
| Ranged Weapons | 3 | |
| Reinforced Defenses | 1 | |
| Armor | 2 | |
6 total
» buildings
| Altar of Storms | 1 | |
| Orc Burrow | 6 | |
| Barracks | 1 | |
| Voodoo Lounge | 1 | |
| Stronghold | 1 | |
| War Mill | 1 | |
| Watch Tower | 14 | |
| Beastiary | 3 | |
| Fortress | 1 | |
| Great Hall | 2 | |
31 total
» build order
00:29 Altar of Storms
00:32 Orc Burrow
00:57 Barracks
01:23 Orc Burrow
01:55 Voodoo Lounge
03:11 Stronghold
03:49 War Mill
05:33 Watch Tower
05:34 Watch Tower
05:35 Watch Tower
05:38 Orc Burrow
06:29 Orc Burrow
07:51 Beastiary
08:18 Beastiary
09:07 Fortress
11:17 Beastiary
11:23 Great Hall
12:03 Watch Tower
12:04 Watch Tower
12:05 Watch Tower
12:06 Watch Tower
12:07 Watch Tower
12:08 Watch Tower
12:09 Watch Tower
12:10 Watch Tower
12:20 Watch Tower
12:21 Watch Tower
12:26 Watch Tower
14:12 Great Hall
15:37 Orc Burrow
15:39 Orc Burrow
» items
| Healing Salve | 2 | |
| Boots of Speed | 1 | |
| Staff of Teleportation | 1 | |
4 total

»
SoUrCe-SkiLLz33 (
teal | 87 APM | 2010 actions | 23:08)
4 Archmage
2 Summon Water Elemental
2 Brilliance Aura
2 Mountain King
1 Storm Bolt
1 Bash
1 Paladin
1 Holy Light
» actions
| Assign group hotkey | 22 | |
| Basic commands | 65 | |
| Build / train | 49 | |
| Enter build submenu | 26 | |
| Enter hero's abilities submenu | 7 | |
| Right click | 855 | |
| Select / deselect | 298 | |
| Select group hotkey | 634 | |
| Use ability | 54 | |
2010 total
» units
| Peasant | 8 | |
| Footman | 8 | |
| Forest Troll Shadow Priest | 3 | |
| Forest Troll Berserker | 2 | |
| Priest | 3 | |
| Knight | 4 | |
| Mortar Team | 3 | |
31 total
» upgrades
| Priest Training | 2 | |
| Animal War Training | 1 | |
3 total
» buildings
| Altar of Kings | 1 | |
| Farm | 13 | |
| Barracks | 2 | |
| Lumber Mill | 1 | |
| Arcane Vault | 1 | |
| Keep | 1 | |
| Arcane Sanctum | 1 | |
| Castle | 1 | |
| Blacksmith | 1 | |
| Town Hall | 1 | |
| Workshop | 2 | |
25 total
» build order
00:22 Altar of Kings
00:37 Farm
00:52 Barracks
01:08 Lumber Mill
01:13 Farm
01:59 Farm
02:58 Arcane Vault
03:00 Keep
03:21 Farm
04:14 Farm
05:29 Farm
05:57 Arcane Sanctum
06:24 Farm
08:29 Castle
08:35 Farm
10:05 Blacksmith
10:10 Barracks
10:12 Farm
12:14 Farm
13:24 Farm
18:50 Town Hall
19:00 Workshop
19:04 Workshop
20:12 Farm
20:13 Farm
team 2 (winner)
darknesscalled- (
yellow | 68 APM | 1576 actions | 23:20)
6 Mountain King
3 Storm Bolt
2 Bash
1 Avatar
» actions
| Assign group hotkey | 36 | |
| Build / train | 73 | |
| Enter build submenu | 18 | |
| Enter hero's abilities submenu | 6 | |
| Give item / drop item | 2 | |
| Right click | 706 | |
| Select / deselect | 179 | |
| Select group hotkey | 492 | |
| Use ability | 64 | |
1576 total
» units
| Peasant | 10 | |
| Footman | 6 | |
| Gryphon Rider | 10 | |
26 total
» upgrades
| Masonry | 2 | |
| Animal War Training | 1 | |
| Storm Hammers | 1 | |
4 total
» buildings
| Altar of Kings | 1 | |
| Barracks | 1 | |
| Farm | 9 | |
| Scout Tower | 11 | |
| Arcane Tower | 2 | |
| Arcane Vault | 1 | |
| Keep | 1 | |
| Lumber Mill | 1 | |
| Guard Tower | 18 | |
| Blacksmith | 1 | |
| Gryphon Aviary | 2 | |
| Castle | 2 | |
50 total
» build order
00:09 Altar of Kings
00:24 Barracks
00:40 Farm
00:52 Farm
01:34 Scout Tower
01:45 Scout Tower
02:02 Arcane Tower
02:15 Arcane Tower
02:37 Farm
02:54 Arcane Vault
03:25 Farm
03:52 Keep
04:02 Lumber Mill
04:16 Farm
04:40 Scout Tower
04:41 Scout Tower
04:42 Scout Tower
04:43 Scout Tower
04:44 Scout Tower
05:24 Guard Tower
05:28 Blacksmith
06:19 Guard Tower
06:19 Guard Tower
06:23 Guard Tower
06:39 Guard Tower
06:50 Gryphon Aviary
06:51 Gryphon Aviary
07:37 Castle
07:38 Castle
08:50 Farm
09:18 Scout Tower
09:18 Scout Tower
09:39 Guard Tower
09:42 Scout Tower
10:04 Guard Tower
10:05 Guard Tower
10:10 Guard Tower
10:15 Guard Tower
10:21 Guard Tower
11:54 Farm
11:54 Farm
13:39 Guard Tower
13:39 Guard Tower
» items
| Scroll of Regeneration | 2 | |
| Staff of Teleportation | 1 | |
| Ivory Tower | 5 | |
| Potion of Healing | 2 | |
| Scroll of Town Portal | 1 | |
| Healing Salve | 1 | |
12 total

»
Jonas33 (
orange | 73 APM | 994 actions | 13:42)
2 Demon Hunter
1 Mana Burn
1 Evasion
» actions
| Assign group hotkey | 23 | |
| Basic commands | 18 | |
| Build / train | 31 | |
| ESC pressed | 3 | |
| Enter build submenu | 13 | |
| Enter hero's abilities submenu | 2 | |
| Give item / drop item | 2 | |
| Right click | 530 | |
| Select / deselect | 224 | |
| Select group hotkey | 84 | |
| Use ability | 64 | |
994 total
» units
» buildings
| Altar of Elders | 1 | |
| Moon Well | 5 | |
| Ancient of War | 2 | |
| Hunter's Hall | 1 | |
| Tree of Ages | 1 | |
| Ancient of Wonders | 1 | |
| Ancient of Lore | 2 | |
13 total
» build order
00:06 Altar of Elders
00:27 Moon Well
01:41 Ancient of War
01:44 Hunter's Hall
02:10 Moon Well
02:23 Ancient of War
02:42 Moon Well
04:24 Tree of Ages
06:56 Ancient of Wonders
06:57 Ancient of Lore
06:59 Moon Well
08:37 Ancient of Lore
09:08 Moon Well
» items
| Boots of Speed | 2 | |
| Scroll of Regeneration | 1 | |
| Potion of Healing | 1 | |
| Potion of Invisibility | 1 | |
| Dust of Appearance | 1 | |
| Potion of Lesser Invulnerability | 1 | |
| Scroll of Town Portal | 1 | |
8 total
KODOS_FORSAKEN (
pink | 74 APM | 1717 actions | 23:20)
8 Blademaster
3 Wind Walk
3 Critical Strike
1 Bladestorm
1 Mirror Image
» actions
| Assign group hotkey | 56 | |
| Basic commands | 6 | |
| Build / train | 83 | |
| Enter build submenu | 27 | |
| Enter hero's abilities submenu | 8 | |
| Give item / drop item | 6 | |
| Right click | 807 | |
| Select / deselect | 303 | |
| Select group hotkey | 226 | |
| Use ability | 195 | |
1717 total
» units
| Peon | 21 | |
| Troll Batrider | 10 | |
| Demolisher | 3 | |
34 total
» upgrades
| Spiked Barricades | 2 | |
| Reinforced Defenses | 1 | |
| Liquid Fire | 1 | |
| Burning Oil | 1 | |
| Ranged Weapons | 2 | |
7 total
» buildings
| Altar of Storms | 1 | |
| Orc Burrow | 3 | |
| War Mill | 1 | |
| Voodoo Lounge | 1 | |
| Watch Tower | 16 | |
| Stronghold | 1 | |
| Beastiary | 2 | |
| Fortress | 1 | |
| Barracks | 1 | |
27 total
» build order
00:08 Altar of Storms
00:22 Orc Burrow
00:55 War Mill
01:35 Voodoo Lounge
02:09 Watch Tower
02:11 Watch Tower
02:36 Watch Tower
03:23 Stronghold
04:48 Watch Tower
04:49 Watch Tower
05:17 Orc Burrow
05:49 Beastiary
05:51 Beastiary
06:17 Orc Burrow
06:32 Watch Tower
06:33 Watch Tower
06:35 Fortress
10:05 Watch Tower
10:06 Watch Tower
10:07 Watch Tower
10:32 Watch Tower
10:34 Watch Tower
10:35 Watch Tower
13:07 Watch Tower
13:09 Watch Tower
13:11 Barracks
17:19 Watch Tower
» items
| Healing Salve | 4 | |
| Lesser Clarity Potion | 8 | |
| Circlet of Nobility | 1 | |
| Boots of Speed | 1 | |
| Staff of Teleportation | 2 | |
| Potion of Mana | 4 | |
| Potion of Healing | 3 | |
| Orb of Lightning | 1 | |
| Scroll of Town Portal | 1 | |
| Tiny Great Hall | 1 | |
26 total

»
Nightplayer (
red | 57 APM | 785 actions | 13:50)
3 Death Knight
2 Death Coil
1 Unholy Aura
2 Lich
1 Frost Nova
1 Frost Armor
» actions
| Assign group hotkey | 20 | |
| Build / train | 34 | |
| Enter build submenu | 13 | |
| Enter hero's abilities submenu | 5 | |
| Give item / drop item | 3 | |
| Right click | 380 | |
| Select / deselect | 121 | |
| Select group hotkey | 151 | |
| Use ability | 58 | |
785 total
» units
| Acolyte | 2 | |
| Ghoul | 3 | |
| Crypt Fiend | 6 | |
| Frost Wyrm | 3 | |
14 total
» upgrades
| Web | 1 | |
| Burrow | 1 | |
| Creature Attack | 1 | |
3 total
» buildings
| Crypt | 1 | |
| Graveyard | 1 | |
| Altar of Darkness | 1 | |
| Ziggurat | 6 | |
| Tomb of Relics | 1 | |
| Nerubian Tower | 1 | |
| Halls of the Dead | 1 | |
| Black Citadel | 1 | |
| Sacrificial Pit | 1 | |
| Boneyard | 2 | |
| Spirit Tower | 1 | |
17 total
» build order
00:10 Crypt
00:15 Graveyard
00:40 Altar of Darkness
00:50 Ziggurat
01:03 Tomb of Relics
01:53 Ziggurat
02:02 Nerubian Tower
03:51 Halls of the Dead
04:34 Ziggurat
05:33 Ziggurat
05:34 Ziggurat
06:15 Black Citadel
08:52 Sacrificial Pit
09:55 Boneyard
09:56 Boneyard
10:00 Ziggurat
12:16 Spirit Tower
» items
| Rod of Necromancy | 2 | |
| Potion of Healing | 3 | |
| Sacrificial Skull | 1 | |
6 total
Chat log
(00:09 / Allies) L[ee]: hello
(00:38 / All) L[ee]: glhf
(03:47 / Allies) BLOOD_MAGEXXV: wow
(03:51 / Allies) BLOOD_MAGEXXV: fuck this
(03:55 / Allies) BLOOD_MAGEXXV: creep insane
(04:07 / Allies) L[ee]: lol
(04:18 / Allies) L[ee]: go again
(05:10 / Allies) SoUrCe-SkiLLz33: need help/
(05:13 / Allies) BLOOD_MAGEXXV: kodos air
(05:24 / Allies) BLOOD_MAGEXXV: obvious
(06:22 / Allies) BLOOD_MAGEXXV: ok 3 human
(06:28 / Allies) BLOOD_MAGEXXV: i didnt see thsi shit
(06:36 / Allies) BLOOD_MAGEXXV: gotta hit now
(07:34 / Allies) L[ee]: mk
(07:36 / Allies) L[ee]: stun
(07:37 / Allies) L[ee]: him
(07:41 / Allies) L[ee]: dh
(07:50 / Allies) BLOOD_MAGEXXV: dh
(09:06 / Allies) SoUrCe-SkiLLz33: main
(09:10 / Allies) BLOOD_MAGEXXV: main main
(09:29 / Allies) BLOOD_MAGEXXV: alot of bats and air comign for sure
(09:52 / Allies) L[ee]: next
(10:14 / Allies) L[ee]: next
(10:15 / Allies) L[ee]: oj is done
(10:19 / Allies) BLOOD_MAGEXXV: go
(10:40 / Allies) BLOOD_MAGEXXV: hold
(10:40 / Allies) L[ee]: i am
(10:40 / All) BLOOD_MAGEXXV: WOW
(11:02 / Allies) BLOOD_MAGEXXV: hit else
(11:03 / Allies) BLOOD_MAGEXXV: whre
(11:07 / Allies) L[ee]: blue
(11:09 / Allies) L[ee]: come with us
(11:28 / Allies) L[ee]: amke towrs guys
(12:01 / All) Nightplayer: really funny pink .. nice army
(12:59 / All) BLOOD_MAGEXXV: gg
(13:08 / All) Nightplayer: reallyno comment ..
(13:24 / All) Nightplayer: i feel like play 2v6
(13:28 / All) BLOOD_MAGEXXV: lol
(13:32 / All) BLOOD_MAGEXXV: pink either backstabed
(13:35 / All) Nightplayer: pink no army
(13:36 / All) BLOOD_MAGEXXV: or he have mass batts?
(13:44 / All) Nightplayer: he got 20 population
(14:03 / Allies) L[ee]: blood
(14:08 / Allies) L[ee]: you are from quebec right ?
(14:08 / All) BLOOD_MAGEXXV: well ty kodos
(14:14 / All) KODOS_FORSAKEN: ?
(14:27 / Allies) BLOOD_MAGEXXV: lol
(14:45 / Allies) nLggerwcrmods: wood
(14:47 / Allies) L[ee]: green
(14:49 / Allies) L[ee]: mvoe ur units
(15:50 / Allies) BLOOD_MAGEXXV: dotn go
(16:04 / Allies) BLOOD_MAGEXXV: blue
(16:05 / Allies) BLOOD_MAGEXXV: wtf
(16:08 / Allies) nLggerwcrmods: You stole my item
(16:16 / Allies) BLOOD_MAGEXXV: i dont evne have an item
(16:17 / Allies) BLOOD_MAGEXXV: lol
(16:24 / Allies) nLggerwcrmods: you sold it
(16:36 / Allies) BLOOD_MAGEXXV: shut the fuck up
(17:04 / Allies) L[ee]: teal
(17:07 / Allies) L[ee]: stay
(17:24 / Allies) BLOOD_MAGEXXV: blue wtf
(17:29 / Allies) nLggerwcrmods: you attacked me
(17:36 / All) BLOOD_MAGEXXV: DUDE GET TTHE FUCK
(17:38 / Allies) BLOOD_MAGEXXV: lol
(17:41 / All) KODOS_FORSAKEN: lol
(17:42 / Allies) nLggerwcrmods: he started it
(17:42 / Allies) SoUrCe-SkiLLz33: blue stop dude
(17:43 / Allies) SoUrCe-SkiLLz33: please
(17:50 / Allies) SoUrCe-SkiLLz33: can we kill them first
(17:51 / All) nLggerwcrmods: my team bsing me green started it
(17:53 / Allies) SoUrCe-SkiLLz33: then fight
(17:58 / All) KODOS_FORSAKEN: wow green
(18:03 / Allies) L[ee]: gold
(18:04 / Allies) L[ee]: me
(18:05 / Allies) L[ee]: so i cna tp
(18:06 / Allies) L[ee]: to my base
(18:19 / Allies) L[ee]: more some1
(18:22 / Allies) L[ee]: ned 150
(18:29 / Allies) BLOOD_MAGEXXV: tp with knight
(18:31 / Allies) BLOOD_MAGEXXV: against air
(18:32 / Allies) BLOOD_MAGEXXV: lo
(18:36 / Allies) SoUrCe-SkiLLz33: i would haev won
(18:37 / Allies) BLOOD_MAGEXXV: man
(18:40 / Allies) BLOOD_MAGEXXV: this is crazy shit game
(18:48 / Allies) BLOOD_MAGEXXV: blue messed up
(18:49 / Allies) BLOOD_MAGEXXV: everything
(18:52 / Allies) BLOOD_MAGEXXV: we lose
(18:53 / Allies) BLOOD_MAGEXXV: now
(18:54 / Allies) nLggerwcrmods: you started it
(18:55 / Allies) nLggerwcrmods: apologize
(18:59 / Allies) L[ee]: god guys stop acting like kids
(19:00 / Allies) nLggerwcrmods: and I'll stop
(19:11 / Allies) BLOOD_MAGEXXV: jesus christ
(19:18 / Allies) L[ee]: play together
(19:25 / Allies) BLOOD_MAGEXXV: blue wont
(19:28 / Allies) BLOOD_MAGEXXV: cuz hes a noob
(19:29 / Allies) BLOOD_MAGEXXV: friend with kodos
(19:31 / All) BLOOD_MAGEXXV: gg
(19:35 / All) KODOS_FORSAKEN: nerd
(19:39 / Allies) nLggerwcrmods: alright
(19:44 / Allies) nLggerwcrmods: let's get down to business
(19:49 / Allies) nLggerwcrmods: now that that prick is gone
(19:55 / Allies) L[ee]: gold some1 ?
(20:09 / Allies) L[ee]: ty
(20:13 / Allies) L[ee]: ok lets go
(20:40 / Allies) L[ee]: atk pink
(21:22 / Allies) SoUrCe-SkiLLz33: blue duce
(21:24 / Allies) SoUrCe-SkiLLz33: dude
(21:25 / Allies) SoUrCe-SkiLLz33: why
(21:29 / Allies) nLggerwcrmods: sorry
(21:32 / Allies) nLggerwcrmods: let's go
(22:02 / Allies) L[ee]: u serious blue ?
(22:07 / Allies) L[ee]: what a kid
(22:12 / Allies) L[ee]: '' he stole my item ''
(22:14 / Allies) L[ee]: grow up
(22:21 / All) darknesscalled-: leave lalw
(22:36 / Allies) SoUrCe-SkiLLz33: blue why dude
(22:38 / Allies) SoUrCe-SkiLLz33: didnt do shit
(22:44 / All) nLggerwcrmods: It's just business
(22:59 / All) darknesscalled-: teal the ass rape is comign!
(23:18 / All) nLggerwcrmods: A pleasure, gentlemen